 Dungeon Crawl Stone Soup version 0.14.0-12-g87ee3b7 (webtiles) character file.

61 staplegun the Grasshopper (level 2, 0/24 HPs)
             Began as a Centaur Warper on Apr 17, 2014.
             Slain by a jackal (1 damage)
             ... on Level 1 of the Dungeon.
             The game lasted 00:00:58 (535 turns).

staplegun the Grasshopper (Centaur Warper)           Turns: 535, Time: 00:00:58

HP   0/24        AC  4     Str 13      XL: 2   Next: 68%
MP   3/3         EV  9     Int 12      God:
Gold 39          SH  0     Dex  8      Spells:  1 memorised,  3 levels left

rFire  . . .     SeeInvis .     a - +0 mace
rCold  . . .     Clarity  .     b - +0 leather armour
rNeg   . . .     Conserve .     (no shield)
rPois  .         rCorr    .     (no helmet)
rElec  .         rRot     .     (no cloak)
SustAb . .       Spirit   .     (no gloves)
rMut   .         Warding  .     (no barding)
Saprov . . .     Stasis   .     (no amulet)
MR     .....                    (no ring)
                                (no ring)

@: very quick, not resistant to hostile enchantments, extremely unstealthy
A: hooves 3, deformed body, herbivore 1, speed 2, fast metabolism 1, tough skin
3
a: no special abilities


You were on level 1 of the Dungeon.
You were not hungry.

You visited 1 branch of the dungeon, and saw 1 of its levels.

You collected 39 gold pieces.

Inventory:

Hand weapons
 a - a +0,+0 mace (weapon)
Missiles
 e - 15 darts (quivered)
 f - 10 darts of dispersal
Armour
 b - a +0 leather armour (worn)
Comestibles
 g - 3 bread rations
Scrolls
 d - 2 scrolls of blinking
 h - a scroll of recharging {unknown}
 i - a scroll of enchant weapon II {unknown}
Jewellery
 j - an uncursed ring of protection from magic {unknown}
Books
 c - a book of Spatial Translocations

   Spells                             Type                      Level
   *Apportation                       Translocation                1
   Blink                              Translocation                2
   Shroud of Golubria                 Charms/Translocation         2
   Portal Projectile                  Translocation                3
   Teleport Other                     Translocation                3
   Passage of Golubria                Translocation                4


   Skills:
 + Level 2.2 Fighting
 + Level 2.1 Maces & Flails
 - Level 1.3 Throwing
 + Level 1.2 Armour
 + Level 1.6 Dodging
 - Level 1.5 Spellcasting
 - Level 2.6 Translocations


You had 3 spell levels left.
You knew the following spells:

 Your Spells              Type           Power        Failure   Level  Hunger
a - Apportation           Tloc           #.........   12%         1    ##.....


Dungeon Overview and Level Annotations

Branches:
Dungeon (1/15)

Altars:


Innate Abilities, Weirdness & Mutations

You have hooves in place of feet.
Armour fits poorly on your strangely shaped body.
You digest meat inefficiently.
You cover ground very quickly.
You have a fast metabolism.
You have extremely tough skin (AC +3).


Message History

You hit the jackal but do no damage. Your kick misses the jackal.
The jackal bites you.
* * * LOW HITPOINT WARNING * * *
The jackal closely misses you.
You closely miss the jackal. Your kick misses the jackal.
The jackal bites you but does no damage. x2
You closely miss the jackal. The jackal bites you.
* * * LOW HITPOINT WARNING * * *
The jackal barely misses you.
You barely miss the jackal.
The jackal bites you but does no damage. x2
You hit the jackal but do no damage. Your kick misses the jackal.
The jackal bites you but does no damage.
The jackal completely misses you.
You miss the jackal. You kick the jackal, but do no damage.
The jackal bites you but does no damage.
You closely miss the jackal. The jackal bites you.
* * * LOW HITPOINT WARNING * * *
The jackal bites you.
You die...

#.....................#
#.#.....#....######.###
#.####..)....# #.#
#.......#....# #.#
#.####.##....# #.#
.............# #.#
........>...## ####.#
#.####.##.###
#....######### #.#
#.##.# #@###.........
#.# #.##.# #h#
#.#######. #.#
#.##.######.# #.# #.#
#.##......#.# #.# #.#
#......##.#.###.### #.#
# #....)..........# #.#
###.#.##.......##. #.#
#..>....##.#####
#..###.....#


You could see a jackal.

Vanquished Creatures
  3 bats (D:1)
  A giant cockroach (D:1)
  6 goblins (D:1)
  3 hobgoblins (D:1)
  A kobold (D:1)
  A ball python (D:1)
  A giant newt (D:1)
  2 jackals (D:1)
  2 rats (D:1)
20 creatures vanquished.

Vanquished Creatures (others)
  A hobgoblin (D:1)
1 creature vanquished.

Grand Total: 21 creatures vanquished

Notes
Turn   | Place    | Note
--------------------------------------------------------------
     0 | D:1      | staplegun, the Centaur Warper, began the quest for the Orb.
     0 | D:1      | Reached XP level 1. HP: 17/17 MP: 2/2
   235 | D:1      | Reached skill level 1 in Armour
   247 | D:1      | Reached XP level 2. HP: 16/24 MP: 3/3
   535 | D:1      | HP: 1/24 [jackal (3)]
   535 | D:1      | Slain by a jackal

Action                   || total
-------------------------++-------
Melee: Mace              ||    59
